 Dungeon Crawl Stone Soup version 0.27-a0-1557-g57f10a385c (webtiles) character file.

Game seed: 9529987451064802153

853 blackman the Firebug (level 8, -10/52 HPs)
             Began as a Human Fire Elementalist on July 15, 2021.
             Mangled by a two-headed ogre (15 damage)
             ... on level 5 of the Dungeon.
             The game lasted 00:23:56 (15300 turns).

blackman the Firebug (Human Fire Elementalist)     Turns: 15300, Time: 00:23:57

Health: -10/52     AC:  4    Str:  9    XL:     8   Next: 21%
Magic:  12/12      EV: 12    Int: 18    God:
Gold:   172        SH:  0    Dex: 13    Spells: 8/12 levels left

rFire    . . .     SeeInvis .   e - +0 hunting sling
rCold    . . .     Faith    .   (no shield)
rNeg     . . .     Spirit   .   l - +0 robe {Will+}
rPois    +         Reflect  .   (no helmet)
rElec    .         Harm     .   d - +0 cloak
rCorr    .         Rampage  .   (no gloves)
Will     +....                  m - +0 pair of boots
Stlth    ++........             (no amulet)
HPRegen  0.17/turn              b - ring of poison resistance
MPRegen  0.13/turn              (no ring)

@: no status effects
A: no striking features
a: no special abilities


You were on level 5 of the Dungeon.
You visited 1 branch of the dungeon, and saw 5 of its levels.

You collected 172 gold pieces.

Inventory:

Hand Weapons
 a - a +5 club
 e - a +0 hunting sling (weapon)
Missiles
 g - 104 stones (quivered ammo)
Armour
 d - a +0 cloak (worn)
 l - a +0 robe of willpower (worn)
 m - a +0 pair of boots (worn)
 q - a +0 leather armour
Jewellery
 b - a ring of poison resistance (left hand)
Wands
 c - a wand of digging (5)
 w - a wand of paralysis (5)
Scrolls
 i - a scroll of magic mapping
 k - a scroll of enchant weapon {unknown}
 n - a scroll of fog {unknown}
 p - a scroll of identify {unknown}
 r - a scroll of teleportation {unknown}
 s - a scroll of torment {unknown}
 t - a scroll of immolation {unknown}
 u - a scroll of acquirement {unknown}
Potions
 f - a potion of flight {unknown}
 h - a potion of berserk rage {unknown}
 j - 2 potions of ambrosia {unknown}
 o - 2 potions of lignification {unknown}
 v - a potion of curing {unknown}


   Skills:
 - Level 2.0 Dodging
 - Level 2.0 Stealth
 * Level 2.8 Spellcasting
 - Level 5.0 Conjurations
 - Level 7.3 Fire Magic


You had 8 spell levels left.
You knew the following spells:

 Your Spells              Type           Power      Damage    Failure   Level
a - Foxfire               Conj/Fire      100%       2x1d9     1%          1
b - Conjure Flame         Conj/Fire      25%        6-21      3%          3

Your spell library contained the following spells:

 Spells                   Type           Power      Damage    Failure   Level
 Inner Flame              Hex/Fire       15%        N/A       11%         3
 Sticky Flame             Conj/Fire      25%        2d5       13%         4
 Fireball                 Conj/Fire      12%        3d7       34%         5
 Gell's Gravitas          Tloc           1%         N/A       45%         3
 Lesser Beckoning         Tloc           1%         N/A       45%         3
 Teleport Other           Tloc           2%         N/A       45%         3


Dungeon Overview and Level Annotations

Branches:
Dungeon (5/15)             Temple (0/1) D:5

Altars:
Kikubaaqudgha
Vehumet
Wu Jian

Annotations:
D:2 Terence
D:4 1 runed translucent door, Crazy Yiuf
D:5 3 runed translucent doors, Leeroy's ghost, amateur PaWr


Message History

You conjure some foxfire!
The foxfire hits the ogre.
You kill the ogre!
The foxfire hits the two-headed ogre.
The two-headed ogre is lightly wounded.
The foxfire hits the two-headed ogre.
The two-headed ogre is lightly wounded.
The foxfire hits the two-headed ogre.
The two-headed ogre is lightly wounded.
There is a stone staircase leading up here.
You climb upwards.
Level annotation: 1 runed translucent door, Crazy Yiuf
There is a stone staircase leading down here.
You start resting.
Magic restored.
You start resting.
HP restored.
You start waiting.
Done waiting.
You start waiting.
Done waiting.
There is a stone staircase leading down here.
You climb downwards.
Level annotation: 3 runed translucent doors, Leeroy's ghost, amateur PaWr The two-headed ogre hits you with a +0 giant spiked club!!
Ouch! That really hurt!
The two-headed ogre hits you with a +0 giant spiked club!
* * * LOW HITPOINT WARNING * * *
There is a stone staircase leading up, spattered with blood here.
Aiming: Paralyse
Press: ? - help, Shift-Dir - straight line, f - two-headed ogre
Aim: a two-headed ogre, wielding two +0 giant spiked clubs (chance to affect: 28%)
Okay, then.
Unknown command.
Unknown command.
There is a stone staircase leading up here.
There is a stone staircase leading up, spattered with blood here.
The two-headed ogre hits you with a +0 giant spiked club!
* * * LOW HITPOINT WARNING * * *
The two-headed ogre hits you with a +0 giant spiked club!
You die...

#..≈≈≈≈≈....####.#.#....≈
#.≈.≈≈≈..........#.#....≈
#.≈≈≈≈≈#########.#.#....≈
#.≈≈≈≈≈≈≈≈≈#**#....#....≈
#..≈≈≈≈≈≈≈≈≈≈*##...#....≈
##...≈≈.≈≈≈#**####.#.....
#####..≈≈≈≈≈#* ##..........
#......≈##### #.....###.##
#.........@.####.....# #.##
#≈≈..♣.≈)..O<.....l..# #.##
**#..≈.≈...............###..#
*....≈.≈.≈......<......##....
#.#...≈≈≈......#.#.....##.#..
#....♣...≈.≈...#..≈....##.#..
###.≈.≈.≈..≈...#.^..≈≈.....#.
#...≈.≈.≈≈........≈.≈≈≈####.
#.≈♣.♣.................#....


You could see a two-headed ogre.

Vanquished Creatures
  A water moccasin (D:4)
  2 ogres (D:5)
  A phantom (D:4)
  A scorpion (D:4)
  A jelly (D:2)
  2 hounds
  A bullfrog skeleton (D:3)
  Jessica (D:2)
  3 iguanas (D:4)
  A killer bee zombie (D:5)
  A hound zombie (D:5)
  7 gnolls
  An adder (D:3)
  2 worms
  3 dart slugs
  6 orcs
  6 ball pythons
  13 endoplasms
  3 giant cockroaches
  5 goblins
  8 hobgoblins
  15 jackals
  5 kobolds
  4 quokkas
  5 bats
  3 frilled lizards
  5 rats
106 creatures vanquished.

Vanquished Creatures (collateral kills)
  2 foxfires (D:1)
2 creatures vanquished.

Vanquished Creatures (others)
  368 foxfires
368 creatures vanquished.

Grand Total: 476 creatures vanquished

Notes
Turn   | Place    | Note
-------+----------+-------------------------------------------
     0 | D:1      | blackman the Human Fire Elementalist began the quest for
                  | the Orb.
     0 | D:1      | Reached XP level 1. HP: 13/13 MP: 3/3
   833 | D:1      | Reached XP level 2. HP: 17/19 MP: 3/5
  1755 | D:1      | Reached skill level 4 in Fire Magic
  1755 | D:1      | Reached XP level 3. HP: 12/24 MP: 0/6
  4372 | D:2      | Reached XP level 4. HP: 30/30 MP: 5/7
  4497 | D:2      | Noticed Terence
  5700 | D:2      | Reached skill level 5 in Fire Magic
  6424 | D:2      | Reached XP level 5. HP: 35/35 MP: 5/8
  6509 | D:2      | Noticed Jessica
  6513 | D:2      | Killed Jessica
  7695 | D:3      | Reached skill level 6 in Fire Magic
  8265 | D:3      | Found a faded altar of an unknown god.
  8309 | D:3      | Reached XP level 6. HP: 41/41 MP: 2/9
 10212 | D:4      | Noticed a water moccasin
 10263 | D:4      | Reached skill level 7 in Fire Magic
 10320 | D:4      | Reached XP level 7. HP: 34/46 MP: 0/10
 10858 | D:4      | Killed a water moccasin
 11181 | D:4      | Found a radiant altar of Vehumet.
 11612 | D:4      | Found an ancient bone altar of Kikubaaqudgha.
 12092 | D:4      | Found an ornate altar of the Wu Jian Council.
 12401 | D:4      | Found a runed translucent door.
 12402 | D:4      | Noticed Crazy Yiuf
 12671 | D:5      | Entered Level 5 of the Dungeon
 12958 | D:5      | Found a runed translucent gate.
 12958 | D:5      | Found a runed translucent gate.
 12958 | D:5      | Found a runed translucent gate.
 13004 | D:5      | Noticed Leeroy's ghost (amateur PaWr)
 13044 | D:5      | Reached XP level 8. HP: 52/52 MP: 0/11
 13528 | D:4      | Learned a level 3 spell: Conjure Flame
 14076 | D:4      | Reached skill level 5 in Conjurations
 14445 | D:5      | Noticed a two-headed ogre
 15300 | D:5      | Mangled by a two-headed ogre

Illustrated notes

Levels and vault maps discovered:
D:1:      dpeg_arrival_three_bigger_balls, layout_rooms, serial_park_tiny_1,
          kennysheep_decorative_pillar, ebering_dispersal_statue_hall
D:2:      layout_basic, kennysheep_generic_room_16, uniq_terence, uniq_jessica
D:3:      layout_basic, ebering_ecumenical_altar_webs
D:4:      layout_basic, nicolae_kikubaaqudgha_miasma_corner,
          nicolae_vehumet_altar_sigil, pdpol_wu_jian_five_deadly_venoms,
          uniq_crazy_yiuf_cottage
D:5:      lemuel_castle_with_subvaults [lemuel_castle_interior_carwin_2],
          layout_basic, nicolae_tso_swordbearing_angel,
          minmay_temple_entry_mist, serial_rivers,
          chequers_serial_rivers_micro_c, chequers_serial_rivers_marsh,
          chequers_serial_rivers_small_b, chequers_serial_rivers_large_a,
          chequers_serial_rivers_room_a, chequers_serial_rivers_micro_c,
          gammafunk_ghost_necromancy, hangedman_abyss_or_decor_slice,
          minmay_joined_circles

Skill      XL: |  1  2  3  4  5  6  7  8 |
---------------+-------------------------+-----
Fire Magic     | 4 5 6 7 |  7.3
Conjurations   | 4 5 |  5.0
Dodging        | |  2.0
Stealth        | |  2.0
Spellcasting   | |  2.8

Action                   |  1- 3 |  4- 6 |  7- 9 || total
-------------------------+-------+-------+-------++-------
Melee: Whip              |    20 |       |       ||    20
 Fire: Hunting sling     |    60 |    91 |    54 ||   205
 Cast: Foxfire           |    52 |    86 |    78 ||   216
       Conjure Flame     |       |       |    12 ||    12
Evoke: Wand              |       |       |     2 ||     2
  Use: Scroll            |       |       |     1 ||     1
Armor: Robe              |    19 |    13 |     5 ||    37
       Leather armour    |       |     2 |    13 ||    15
Dodge: Dodged            |    54 |    45 |    77 ||   176

Table legend: (Time is in decaauts)
 A = Elapsed time spent in this place.
 B = Non-inter-level travel time spent in this place.
 C = Inter-level travel time spent in this place.
 D = Time resting spent in this place.
 E = Time spent auto-exploring this place.
 F = Levels seen in this place.
 G = Mean time per level.
                   A        B        C        D        E       F      G
               +--------+--------+--------+--------+--------+-----+--------+
         Total |  15347 |  14783 |    564 |  10468 |   2972 |   5 | 3069.4 |
       Dungeon |  15347 |  14783 |    564 |  10468 |   2972 |   5 | 3069.4 |
               +--------+--------+--------+--------+--------+-----+--------+

Top non-repeatable levels by time:
     D:4: 4543 daAuts
     D:1: 3571 daAuts
     D:2: 3554 daAuts
     D:3: 3151 daAuts
     D:5: 527 daAuts
